 Dungeon Crawl Stone Soup version 0.32-a0-996-gb3226c233f (webtiles) character file.

Game seed: 2944203352193389655

576 Bediveer the Chopper (level 7, 0/54 HPs)
             Began as a Coglin Gladiator on Apr 23, 2024.
             Splashed by a jelly's acid (6 damage)
             ... on level 5 of the Dungeon on Apr 24, 2024.
             The game lasted 00:06:05 (3765 turns).

Bediveer the Chopper (Coglin Gladiator)             Turns: 3765, Time: 00:06:05

Health: 0/54       AC:  0    Str: 17    XL:     7   Next: 35%
Magic:  7/7        EV: 10    Int:  7    God:
Gold:   206        SH:  0    Dex: 15    Spells: 6/6 levels left

rFire   + . .        a - +0 war axe {Carlos}
rCold   . . .        r - +4 whip {Carlos}
rNeg    . . .        v - +4 ring mail {rF+}
rPois   .            c - +0 helmet
rElec   .            w - +0 cloak
rCorr   .            (no gloves)
SInv    .            (no boots)
Will    .....        (amulet unavailable)
Stlth   +            (ring unavailable)
HPRegen 0.29/turn    (ring unavailable)
MPRegen 0.10/turn    (no gizmo)

%: no passive effects
@: corroded, revved
A: off-hand wielding, slow wielding, warmup strikes, no jewellery
a: Invent Gizmo


You were on level 5 of the Dungeon.
You visited 2 branches of the dungeon, and saw 6 of its levels.

You collected 206 gold pieces.

Inventory:

Hand Weapons
 a - a +0 war axe (weapon) {Carlos}
 f - a +0 dagger {Bunsong}
 j - a +0 whip {Diego}
 q - a +0 flail {Xochipepe}
 r - a +4 whip (offhand) {Carlos}
Missiles
 d - 2 throwing nets (quivered)
 e - a javelin
Armour
 b - a +0 leather armour
 c - a +0 helmet (worn)
 n - a +0 plate armour
 v - a +4 ring mail of fire resistance (worn)
 w - a +0 cloak (worn)
Wands
 i - a wand of flame (51)
Scrolls
 g - 2 scrolls of poison
 h - a scroll of noise
 l - a scroll of enchant weapon
 t - a scroll of teleportation
Potions
 k - a potion of lignification
 m - a potion of cancellation {unknown}
 o - a potion of curing {unknown}
 s - a potion of might
 u - a potion of mutation {unknown}


   Skills:
 + Level 4.2 Fighting
 * Level 6.3 Axes
 - Level 1.7 Throwing
 + Level 3.0 Armour
 - Level 2.6 Dodging


You had 6 spell levels left.
You didn't know any spells.
Your spell library contained the following spells:

 Spells                   Type           Power      Damage    Failure   Level
 Brom's Barrelling Bould  Conj/Erth      0%         2d3       100%        4
 Fireball                 Conj/Fire      0%         3d3       100%        5
 Iskenderun's Battlesphe  Conj           0%         2d6       100%        5
 Conjure Ball Lightning   Conj/Air       0%         3x3d6     100%        6
 Orb of Destruction       Conj           0%         9d5       100%        7


Dungeon Overview and Level Annotations

Branches:
Dungeon (5/15)             Temple (1/1) D:4

Altars:
Ashenzari
Cheibriados
Dithmenos
Kikubaaqudgha
Okawaru
Ru
Sif Muna
Trog
Xom
The Shining One

Annotations:
D:4 3 runed translucent doors, petzl's ghost, weakling FoDe


Innate Abilities, Weirdness & Mutations

You can wield a second weapon in your off-hand.
It takes a long time for you to wield or remove held weapons.
Your first few attacks do less damage.
You cannot equip rings or amulets.


Message History

The acid corrodes you!
You are splashed with acid!
You are too injured to fight recklessly!
You are too injured to fight recklessly!
You are too injured to fight recklessly!
You are too injured to fight recklessly!
You are too injured to fight recklessly!
You are too injured to fight recklessly!
You are too injured to fight recklessly!
You are too injured to fight recklessly!
You are too injured to fight recklessly!
You are too injured to fight recklessly!
You are too injured to fight recklessly!
You are too injured to fight recklessly!
You are too injured to fight recklessly!
You are too injured to fight recklessly!
You are too injured to fight recklessly!
You are too injured to fight recklessly!
You hit the jelly but do no damage.
Your graspers burn!
The jelly is heavily wounded.
You hit the jelly but do no damage.
Your graspers burn!
The jelly hits you but does no damage.
You completely miss the jelly with your +0 war axe.
The jelly is heavily wounded.
You hit the jelly with your +4 whip.
Your graspers burn!
The jelly barely misses you.
You hit the jelly with your +4 whip.
Your graspers burn!
The jelly is severely wounded.
You hit the jelly with your +0 war axe. The acid corrodes you!
Your graspers burn!
* * * LOW HITPOINT WARNING * * *
The jelly closely misses you. x2
You hit the jelly with your +0 war axe.
Your graspers burn!
* * * LOW HITPOINT WARNING * * *
The jelly is almost dead.
You hit the jelly but do no damage.
Your graspers burn!
* * * LOW HITPOINT WARNING * * *
The jelly hits you.
* * * LOW HITPOINT WARNING * * *
You are splashed with acid.
You die...

####### ##### ......####
....## .........##
.....#. ..........#
....$.. ..........#
....... ..........#
....... ..........#
###......<
#.........#####.@.......
#........##....J....##..
####...........######
...........#..........
.......####)....$.....
....#### #............
.#### ##...J....... ##
#........... .##
#...........


You could see a jelly.

Vanquished Creatures
  Sigmund (D:3)
  Menkaure (D:4)
  Crazy Yiuf (D:3)
  A bombardier beetle (D:4)
  A jelly (D:4)
  Ijyb (D:3)
  Natasha (twice) (D:3)
  Robin (D:3)
  4 adders
  A ribbon worm (D:3)
  6 orcs
  6 bats
  4 endoplasms
  5 giant cockroaches
  8 hobgoblins
  A quokka (D:2)
  7 ball pythons
  3 frilled lizards
  11 goblins
  7 kobolds
  3 rats
75 creatures vanquished.

Notes
Turn   | Place    | Note
-------+----------+-------------------------------------------
     0 | D:1      | Bediveer the Coglin Gladiator began the quest for the Orb.
     0 | D:1      | Reached XP level 1. HP: 16/16 MP: 1/1
   169 | D:1      | Reached XP level 2. HP: 22/22 MP: 2/2
   802 | D:2      | Reached XP level 3. HP: 26/28 MP: 3/3
  1235 | D:2      | Found a faded altar of an unknown god.
  1253 | D:3      | Reached skill level 4 in Axes
  1339 | D:3      | Reached skill level 1 in Armour
  1435 | D:3      | Found a shadowy altar of Dithmenos.
  1492 | D:3      | Reached XP level 4. HP: 34/34 MP: 4/4
  1572 | D:3      | Noticed Natasha
  1581 | D:3      | Killed Natasha
  1760 | D:3      | Noticed Sigmund
  1769 | D:3      | Killed Sigmund
  1770 | D:3      | Reached skill level 5 in Axes
  1770 | D:3      | Reached XP level 5. HP: 34/41 MP: 5/5
  1770 | D:3      | Reached XP level 6. HP: 39/47 MP: 6/6
  1920 | D:3      | Noticed Robin
  1926 | D:3      | Killed Robin
  2009 | D:3      | Found a runed translucent door.
  2010 | D:3      | Noticed Crazy Yiuf
  2112 | D:3      | Noticed Ijyb
  2129 | D:3      | Killed Ijyb
  2264 | D:3      | Noticed Natasha
  2269 | D:3      | Killed Natasha
  2502 | D:3      | Killed Crazy Yiuf
  2601 | D:4      | Noticed Menkaure
  2608 | D:4      | Killed Menkaure
  2609 | D:4      | Reached skill level 6 in Axes
  2609 | D:4      | Reached XP level 7. HP: 31/54 MP: 7/7
  2849 | D:4      | Found a runed translucent gate.
  2852 | D:4      | Found a runed translucent gate.
  2853 | D:4      | Found a runed translucent gate.
  2853 | D:4      | Noticed petzl's ghost (weakling FoDe)
  3095 | D:4      | Found a staircase to the Ecumenical Temple.
  3104 | Temple   | Entered the Ecumenical Temple
  3618 | D:5      | Entered Level 5 of the Dungeon
  3765 | D:5      | Splashed by a jelly's acid

Illustrated notes

Levels and vault maps discovered:
D:1:      onia_arrival_pyramid, layout_loops_cross
D:2:      layout_rooms, shapermc_ecumenical_altar_mp_vishouse, chequers_jeans
D:3:      layout_loops_ring, general_overflow_altar, uniq_natasha, uniq_ijyb,
          uniq_grinder, uniq_sigmund, uniq_crazy_yiuf_cottage, uniq_robin
D:4:      layout_basic, minmay_temple_entry_junction, gammafunk_ghost_split,
          grunt_decor_one_mirror, due_unseen_surprise, uniq_menkaure
D:5:      layout_cave_pods, nicolae_uskayaw_dance_hall
Temple:   hellmonk_temple_rainy

Skill      XL: |  1  2  3  4  5  6  7 |
---------------+----------------------+-----
Axes           | 4 5 6 |  6.3
Armour         | 1 2 3 |  3.0
Fighting       | 3 4 |  4.2
Throwing       | |  1.7
Dodging        | |  2.6

Action                     |  1- 3 |  4- 6 |  7- 9 || total
---------------------------+-------+-------+-------++-------
  Melee: War axe           |    88 |    55 |    29 ||   172
         Dagger            |    22 |       |       ||    22
         Whip              |    48 |    56 |    33 ||   137
         Flail             |    15 |       |       ||    15
  Throw: Throwing net      |       |     1 |       ||     1
    Use: Scroll            |       |     3 |     3 ||     6
         Potion            |       |     1 |       ||     1
   Stab: Held in net/web   |       |     3 |       ||     3
 Armour: Leather armour    |    20 |       |       ||    20
         Plate armour      |    81 |    45 |       ||   126
         Ring mail         |       |     2 |    13 ||    15
  Dodge: Dodged            |    26 |     8 |    16 ||    50

Table legend: (Time is in decaauts)
 A = Elapsed time spent in this place.
 B = Non-inter-level travel time spent in this place.
 C = Inter-level travel time spent in this place.
 D = Time resting spent in this place.
 E = Time spent auto-exploring this place.
 F = Levels seen in this place.
 G = Mean time per level.
                   A        B        C        D        E       F      G
               +--------+--------+--------+--------+--------+-----+--------+
         Total |   3791 |   3561 |    230 |      0 |   3012 |   6 |  631.8 |
       Dungeon |   3775 |   3554 |    221 |      0 |   3012 |   5 |  755.0 |
        Temple |     15 |      7 |      8 |      0 |      0 |   1 |   15.0 |
               +--------+--------+--------+--------+--------+-----+--------+

Top non-repeatable levels by time:
     D:3: 1341 daAuts
     D:4: 1028 daAuts
     D:1: 666 daAuts
     D:2: 591 daAuts
     D:5: 147 daAuts
  Temple: 15 daAuts
